 Dungeon Crawl Stone Soup version 0.28.0-53-g5a82cb258f (webtiles) character file.

Game seed: 10281472719905299502

125 Asher535 the Skirmisher (level 4, -11/42 HPs)
             Began as a Minotaur Berserker on July 8, 2022.
             Was a Follower of Trog.
             Mangled by a gnoll
             ... wielding a +0 halberd
              (14 damage)
             ... on level 2 of the Dungeon.
             The game lasted 00:08:36 (2356 turns).

Asher535 the Skirmisher (Minotaur Berserker)        Turns: 2356, Time: 00:08:37

Health: -11/42     AC:  4    Str: 24    XL:     4   Next: 82%
Magic:  3/3        EV: 12    Int:  4    God:    Trog [*.....]
Gold:   144        SH:  0    Dex:  9    Spells: 3/3 levels left

rFire   . . .      SeeInvis .   a - +0 hand axe
rCold   . . .      Faith    .   (no shield)
rNeg    . . .      Spirit   .   j - +0 leather armour
rPois   .          Reflect  .   (helmet restricted)
rElec   .          Harm     .   (no cloak)
rCorr   .          Rampage  .   i - +0 pair of gloves
Will    .....                   (no boots)
Stlth   +.........              (no amulet)
HPRegen 0.14/turn               (no ring)
MPRegen 0.08/turn               (no ring)

@: on berserk cooldown, slowed, very slow
A: horns 2, retaliatory headbutt
a: Renounce Religion, Berserk


You were on level 2 of the Dungeon.
You worshipped Trog.
Trog was aware of your devotion.
You visited 1 branch of the dungeon, and saw 2 of its levels.

You collected 144 gold pieces.

Inventory:

Hand Weapons
 a - a +0 hand axe (weapon)
 d - a +0 spear
 e - a +0 dagger
 m - a +0 hunting sling
Missiles
 f - 71 stones (quivered)
 n - a throwing net
Armour
 b - a +0 animal skin
 i - a +0 pair of gloves (worn)
 j - a +0 leather armour (worn)
Scrolls
 c - a scroll of noise {unknown}
 g - 2 scrolls of magic mapping {unknown}
 h - a scroll of enchant weapon {unknown}
 k - a scroll of fog {unknown}
Potions
 l - 2 potions of brilliance {unknown}


   Skills:
 + Level 5.0 Fighting
 + Level 5.0 Axes
 + Level 0.6 Slings
 + Level 2.8 Armour
 + Level 2.7 Dodging
 + Level 0.2 Stealth


You had 3 spell levels left.
You didn't know any spells.
Your spell library was empty.

Dungeon Overview and Level Annotations

Branches:
Dungeon (2/15)

Altars:


Innate Abilities, Weirdness & Mutations

You have a pair of horns on your head.
You reflexively headbutt those who attack you in melee.


Message History

The gnoll is moderately wounded.
The gnoll hits you with a +0 flail!
The gnoll hits you from afar with a +0 halberd.
You hit the gnoll but do no damage. Your headbutt misses the gnoll.
The gnoll is moderately wounded.
The gnoll misses you. You furiously retaliate!
You headbutt the gnoll.
The gnoll hits you from afar with a +0 halberd.
You fail to use your ability.
The gnoll hits you with a +0 flail.
The gnoll hits you from afar with a +0 halberd.
A red film seems to cover your vision as you go berserk!
You feel yourself moving faster!
You feel mighty!
You can no longer call upon Trog for regeneration and willpower.
The gnoll barely misses you.
The gnoll hits you from afar with a +0 halberd.
You hit the gnoll. You headbutt the gnoll.
You kill the gnoll!
Trog accepts your kill.
You hit the gnoll but do no damage.
The gnoll is heavily wounded.
The gnoll barely misses you. The gnoll hits you with a +0 club.
You slash the gnoll!
You kill the gnoll!
Trog accepts your kill.
The gnoll hits you from afar with a +0 halberd!
* * * LOW HITPOINT WARNING * * *
Your Axes skill increases to level 5!
You feel a strong urge to attack something.
You see here a quokka corpse.
A gnoll is nearby!
You feel your anger nearly subside.
You are no longer berserk.
You are exhausted.
You feel yourself slow down.
You start resting.
A gnoll is nearby!
You barely miss the gnoll. The gnoll misses you.
The gnoll hits you with a +0 halberd!
* * * LOW HITPOINT WARNING * * *
The gnoll hits you from afar with a +0 halberd!
You die...

#########..#######
#.................
#.#####.#.#######.
#####....##
...........##
..###....<..#
##...g.##
#######.#.#
........#@#
##.####.#.# #g#.#
#.#.#
#+##.#+##.#.#
......!)..#.#
#+##.#g##.#.#####
#. #.#.....# #.
#.#####.#


You could see a gnoll.

Vanquished Creatures
  7 gnolls
  An adder (D:2)
  A worm (D:2)
  A dart slug (D:1)
  A bat (D:2)
  4 endoplasms
  A giant cockroach (D:1)
  5 goblins
  5 hobgoblins
  5 kobolds
  2 quokkas (D:2)
  6 ball pythons
  3 frilled lizards
  3 rats (D:1)
45 creatures vanquished.

Notes
Turn   | Place    | Note
-------+----------+-------------------------------------------
     0 | D:1      | Asher535 the Minotaur Berserker began the quest for the
                  | Orb.
     0 | D:1      | Reached XP level 1. HP: 19/19 MP: 0/0
    73 | D:1      | Reached XP level 2. HP: 14/27 MP: 1/1
  1314 | D:1      | Reached XP level 3. HP: 31/33 MP: 2/2
  1972 | D:2      | Reached ** piety under Trog
  2121 | D:2      | Reached XP level 4. HP: 38/41 MP: 3/3
  2142 | D:2      | Reached skill level 5 in Fighting
  2344 | D:2      | Reached skill level 5 in Axes
  2355 | D:2      | HP: 2/42 [gnoll/+0 halberd (7)]
  2356 | D:2      | Mangled by a gnoll

Illustrated notes

Levels and vault maps discovered:
D:1:      dpeg_arrival_rooms_b, layout_basic
D:2:      minmay_door_path, layout_loops_ring, kennysheep_decorative_pillar

Skill      XL: |  1  2  3  4 |
---------------+-------------+-----
Fighting       | 4 5 |  5.0
Axes           | 4 5 |  5.0
Slings         | |  0.6
Armour         | |  2.8
Dodging        | |  2.7
Stealth        | |  0.2

Action                   |  1- 3 |  4- 6 || total
-------------------------+-------+-------++-------
Melee: Hand axe          |    62 |    19 ||    81
       Headbutt          |     5 |     3 ||     8
 Fire: Hunting sling     |    11 |     1 ||    12
Invok: Berserk           |     3 |     1 ||     4
       Trog's Hand       |       |     1 ||     1
Armor: Animal skin       |     7 |       ||     7
       Leather armour    |    12 |     1 ||    13
Dodge: Dodged            |    43 |    13 ||    56
